 Dungeon Crawl Stone Soup version 0.29-a0-823-gc37b1572da (console) character file.

Game seed: 711727949391113085

3 shmup the Cudgeller (level 1, 0/19 HPs)
             Began as a Meteoran Cinder Acolyte on July 9, 2022.
             Was a High Priest of Ignis.
             Slain by a hobgoblin (5 damage)
             ... on level 1 of the Dungeon.
             The game lasted 00:02:35 (90 turns).

shmup the Cudgeller (Meteoran Cinder Acolyte)         Turns: 90, Time: 00:02:36

Health: 0/19       AC:  2    Str: 15    XL:     1   Next: 71%
Magic:  4/4        EV: 11    Int: 15    God:    Ignis [*****.]
Gold:   0          SH:  0    Dex:  9    Spells: 3/3 levels left

rFire   + . .      SeeInvis .   a - -1 mace (flame)
rCold   . . .      Faith    .   (no shield)
rNeg    . . .      Spirit   .   b - +0 robe
rPois   .          Reflect  .   (no helmet)
rElec   .          Harm     .   (no cloak)
rCorr   .          Rampage  .   (no gloves)
Will    .....                   (no boots)
Stlth   +.........              (no amulet)
HPRegen 0.06/turn               (no ring)
MPRegen 0.09/turn               (no ring)

@: glowing
A: sense surroundings 1, otherworldly, glowing, explore regen
a: Renounce Religion, Fiery Armour, Foxfire Swarm, Rising Flame


You were on level 1 of the Dungeon.
You worshipped Ignis.
Ignis was extremely pleased with you.
You visited 1 branch of the dungeon, and saw 1 of its levels.

Inventory:

Hand Weapons
 a - a -1 mace of flaming (weapon)
Missiles
 c - 2 stones (quivered)
Armour
 b - a +0 robe (worn)
Scrolls
 d - a scroll of fog {unknown}


   Skills:
 + Level 3.3 Fighting
 + Level 4.1 Maces & Flails
 + Level 1.5 Spellcasting
 + Level 3.7 Fire Magic


You had 3 spell levels left.
You didn't know any spells.
Your spell library contained the following spells:

 Spells                   Type           Power      Damage    Failure   Level
 Scorch                   Fire           24%        2d6       8%          2


Dungeon Overview and Level Annotations

Branches:
Dungeon (1/15) Zot: 506

Altars:


Innate Abilities, Weirdness & Mutations

You passively map a small area around you.
You are easily found by Zot.
You glow in the dark.
You regain HP and MP as you explore.


Message History

The quokka completely misses you. The hobgoblin closely misses you.
You hit the hobgoblin. You burn the hobgoblin.
You kill the hobgoblin!
The quokka bites you.
You closely miss the quokka. The quokka bites you. x2
* * * LOW HITPOINT WARNING * * *
You hit the quokka. You burn the quokka.
The quokka is severely wounded.
The quokka closely misses you.
You barely miss the quokka.
The quokka is severely wounded.
The quokka bites you.
* * * LOW HITPOINT WARNING * * *
The quokka bites you.
* * * LOW HITPOINT WARNING * * *
You hit the quokka. You burn the quokka.
You kill the quokka!
You see here a hobgoblin corpse.
Unknown command.
You see here a frilled lizard corpse.
Unknown command.
You start waiting.
Magic restored.
You see here a frilled lizard corpse.
Found a stone staircase leading down.
Found a scroll labelled FEVELIONASM.
A hobgoblin comes into view.
The hobgoblin shouts!
You see here a scroll labelled FEVELIONASM.
Found a book of Cantrips.
You barely miss the hobgoblin. The hobgoblin hits you.
You barely miss the hobgoblin. The hobgoblin hits you.
* * * LOW HITPOINT WARNING * * *
You barely miss the hobgoblin.
The hobgoblin hits you but does no damage.
You closely miss the hobgoblin. The hobgoblin hits you.
* * * LOW HITPOINT WARNING * * *
You hit the hobgoblin but do no damage. The hobgoblin misses you.
The hobgoblin hits you.
You die...

░ ░ .......%%▒▒ ░
▒▒▒▒▒▒▒..▒▒ ░
▒▒▒▒...▒▒ ░ ▒.: ,
.......... ░ ░ ▒.. ,
▒▒▒▒▒...▒▒ , , ▒..░ ,
,, ......... ░ ▒.. ░
▒▒▒▒▒.▒.▒ ▒.. ▒.▒.▒
▒.. ▒▒▒▒▒▒▒▒▒.▒.▒
▒.▒..▒▒▒▒▒............
, ░
▒...gp?.........>..▒▒▒
......▒▒▒▒▒▒▒▒▒▒▒▒▒▒▒▒
, ▒▒▒▒▒░


You could see a hobgoblin.

Vanquished Creatures
  A hobgoblin (D:1)
  A quokka (D:1)
  A frilled lizard (D:1)
3 creatures vanquished.

Notes
Turn   | Place    | Note
-------+----------+-------------------------------------------
     0 | D:1      | shmup the Meteoran Cinder Acolyte began the quest for the
                  | Orb.
     0 | D:1      | Reached XP level 1. HP: 19/19 MP: 3/3
    90 | D:1      | Slain by a hobgoblin

Illustrated notes

Levels and vault maps discovered:
D:1:      scummos_arrival_hexagon, layout_loops_ring, corexii_hall_statues_i,
          serial_park_tiny_pond

Action                   || total
-------------------------++-------
Melee: Mace              ||    15
Armor: Robe              ||     1
Dodge: Dodged            ||     9

Table legend: (Time is in decaauts)
 A = Elapsed time spent in this place.
 B = Non-inter-level travel time spent in this place.
 C = Inter-level travel time spent in this place.
 D = Time resting spent in this place.
 E = Time spent auto-exploring this place.
 F = Levels seen in this place.
 G = Mean time per level.
                   A        B        C        D        E       F      G
               +--------+--------+--------+--------+--------+-----+--------+
         Total |     92 |     92 |      0 |      9 |     51 |   1 |   92.0 |
       Dungeon |     92 |     92 |      0 |      9 |     51 |   1 |   92.0 |
               +--------+--------+--------+--------+--------+-----+--------+

Top non-repeatable levels by time:
     D:1: 92 daAuts
